 Dungeon Crawl Stone Soup version 0.28-a0-1506-g3893175d92 (webtiles) character file.

Game seed: 6103079787122881201

107 knot the Chopper (level 4, 0/35 HPs)
             Began as a Demonspawn Berserker on Jan 14, 2022.
             Was a Believer of Trog.
             Slain by an orc wizard (2 damage)
             ... on level 3 of the Dungeon.
             The game lasted 00:01:52 (2833 turns).

knot the Chopper (Demonspawn Berserker)             Turns: 2833, Time: 00:01:53

Health: 0/35       AC:  2    Str: 17    XL:     4   Next: 57%
Magic:  4/4        EV: 12    Int: 10    God:    Trog [**....]
Gold:   88         SH:  0    Dex: 13    Spells: 3/3 levels left

rFire   . . .      SeeInvis .   a - +0 hand axe
rCold   . . .      Faith    .   (no shield)
rNeg    . . .      Spirit   .   b - +0 animal skin
rPois   .          Reflect  .   (helmet restricted)
rElec   .          Harm     .   (no cloak)
rCorr   .          Rampage  .   (no gloves)
Will    .....                   (no boots)
Stlth   +.........              (no amulet)
HPRegen 0.11/turn               (no ring)
MPRegen 0.09/turn               (no ring)

@: on berserk cooldown, slowed, very slow
A: horns 2
a: Renounce Religion, Berserk, Trog's Hand


You were on level 3 of the Dungeon.
You worshipped Trog.
Trog was pleased with you.
You visited 1 branch of the dungeon, and saw 3 of its levels.

You collected 88 gold pieces.

Inventory:

Hand Weapons
 a - a +0 hand axe (weapon)
Missiles
 c - 91 stones (quivered)
 h - 5 boomerangs
 l - 4 atropa-tipped darts
Armour
 b - a +0 animal skin (worn)
Jewellery
 f - a ring of protection from cold
 g - a ring of ice
 j - a ring of resist corrosion
Scrolls
 d - a scroll of amnesia {unknown}
 e - a scroll of identify
 n - a scroll of enchant weapon


   Skills:
 - Level 3.0 Fighting
 + Level 4.9 Axes
 - Level 1.7 Armour
 - Level 1.7 Dodging


You had 3 spell levels left.
You didn't know any spells.
Your spell library was empty.

Dungeon Overview and Level Annotations

Branches:
Dungeon (3/15)

Altars:

Shops:
D:1 [

Annotations:
D:3 2 transporters, ytrimaz's ghost, weakling OpTm


Innate Abilities, Weirdness & Mutations

You have a pair of horns on your head.


Message History

You slash the orc!
You feel the power of Trog in you as your rage grows.
You kill the orc!
Trog accepts your kill.
Items here: )) [[ †.
You feel a strong urge to attack something.
There is a stone staircase leading down here.
You feel your anger nearly subside.
You are no longer berserk.
You are exhausted.
You feel yourself slow down. The orc wizard closely misses you.
You completely miss the orc wizard. You headbutt the orc wizard.
The orc wizard is moderately wounded.
The orc wizard hits you with a +0 dagger.
You barely miss the orc wizard.
The orc wizard is moderately wounded.
The orc wizard gestures at you while chanting.
The magic dart hits you! The orc wizard completely misses you.
You hit the orc wizard. Your headbutt misses the orc wizard.
The orc wizard is heavily wounded.
The orc wizard hits you with a +0 dagger.
The orc wizard gestures at you while chanting.
The magic dart hits you!
* * * LOW HITPOINT WARNING * * *
Unknown command.
You aren't carrying any potions.
As you read the scroll labelled KAETEIROWK, it crumbles to dust.
It is a scroll of identify.
n - a scroll of enchant weapon The orc wizard hits you with a +0 dagger.
* * * LOW HITPOINT WARNING * * *
As you read the scroll labelled CEICRU UPSU, it crumbles to dust.
The creatures around you are filled with an inner flame!
It was a scroll of immolation.
The orc wizard hits you but does no damage.
The orc wizard closely misses you.
As you read the scroll labelled MAAHE PUODU, it crumbles to dust.
The scroll dissolves into smoke.
It was a scroll of fog.
The orc wizard misses you.
The orc wizard hits you with a +0 dagger.
You die...

#########
........############
........+§oo@§§....## ##
.........§########..#
.##########.#.#########.#
oo..w...................#
≈≈≈≈≈≈≈≈...≈≈≈≈≈≈≈≈≈≈≈..#
≈≈≈≈≈≈≈≈...≈≈≈≈≈≈≈≈≈≈≈..#
####...........#####≈≈..#
.#g#.###.©.###.#g#g#≈≈..#
...###g#####g###...#≈≈..#


You could see an orc priest (inner flame) and an orc wizard (inner flame).

Vanquished Creatures
  4 adders
  A worm (D:2)
  2 dart slugs
  2 orcs (D:3)
  9 endoplasms
  2 giant cockroaches (D:1)
  3 hobgoblins
  3 jackals (D:3)
  3 quokkas
  5 ball pythons
  4 bats
  3 frilled lizards
  5 goblins
  6 kobolds
  6 rats
58 creatures vanquished.

Notes
Turn   | Place    | Note
-------+----------+-------------------------------------------
     0 | D:1      | knot the Demonspawn Berserker began the quest for the Orb.
     0 | D:1      | Reached XP level 1. HP: 18/18 MP: 1/1
   311 | D:1      | Reached skill level 3 in Axes
   344 | D:1      | Gained mutation: You have a pair of small horns on your
                  | head. [demonic ancestry]
   344 | D:1      | Reached XP level 2. HP: 17/24 MP: 2/2
   594 | D:1      | Found a faded altar of an unknown god.
   971 | D:1      | Found Voillef's Antique Armour Shoppe.
  1091 | D:1      | Gained mutation: You have a pair of horns on your head.
                  | [demonic ancestry]
  1091 | D:1      | Reached XP level 3. HP: 28/29 MP: 3/3
  1261 | D:2      | Reached ** piety under Trog
  1299 | D:2      | Reached skill level 4 in Axes
  1895 | D:2      | Reached XP level 4. HP: 26/35 MP: 4/4
  2762 | D:3      | Found a transporter.
  2765 | D:3      | Found a transporter.
  2775 | D:3      | Noticed ytrimaz's ghost (weakling OpTm)
  2833 | D:3      | Slain by an orc wizard

Illustrated notes

Levels and vault maps discovered:
D:1:      minmay_arrival_plants_in_alcoves, layout_loops_ring, serial_shops,
          nicolae_shop_waterfront, hellmonk_ecumenical_altar_crossroads
D:2:      layout_loops_ring, item_on_display_a
D:3:      layout_basic, gammafunk_ghost_gnarly_gnolls, uniq_sigmund

Skill      XL: |  1  2  3 |
---------------+----------+-----
Axes           | 3 4 |  4.9
Fighting       | |  3.0
Armour         | |  1.7
Dodging        | |  1.7

Action                   |  1- 3 |  4- 6 || total
-------------------------+-------+-------++-------
Melee: Hand axe          |   116 |    35 ||   151
       Headbutt          |    12 |     8 ||    20
Invok: Berserk           |     1 |     1 ||     2
  Use: Scroll            |       |     3 ||     3
       Potion            |       |     1 ||     1
 Stab: Sleeping          |     3 |     1 ||     4
Armor: Animal skin       |    24 |     4 ||    28
Dodge: Dodged            |    75 |    22 ||    97

Table legend: (Time is in decaauts)
 A = Elapsed time spent in this place.
 B = Non-inter-level travel time spent in this place.
 C = Inter-level travel time spent in this place.
 D = Time resting spent in this place.
 E = Time spent auto-exploring this place.
 F = Levels seen in this place.
 G = Mean time per level.
                   A        B        C        D        E       F      G
               +--------+--------+--------+--------+--------+-----+--------+
         Total |   2861 |   2787 |     74 |    161 |   2250 |   3 |  953.7 |
       Dungeon |   2861 |   2787 |     74 |    161 |   2250 |   3 |  953.7 |
               +--------+--------+--------+--------+--------+-----+--------+

Top non-repeatable levels by time:
     D:1: 1260 daAuts
     D:2: 1236 daAuts
     D:3: 363 daAuts
